 Dungeon Crawl Stone Soup version 0.20.1-1-g8b1a95d (webtiles) character file.

65 letownia2 the Grave Robber (level 3, -9/28 HPs)
             Began as a Deep Dwarf Necromancer on Nov 7, 2017.
             Mangled by an ogre
             ... wielding a +0 giant club
              (15 damage)
             ... on level 4 of the Dungeon.
             The game lasted 00:03:08 (1014 turns).

letownia2 the Grave Robber (Deep Dwarf Necromancer) Turns: 1014, Time: 00:03:08

Health: -9/28      AC:  3    Str: 11    XL:     3   Next: 94%
Magic:  6/6        EV: 12    Int: 16    God:
Gold:   42         SH:  0    Dex: 13    Spells: 2/6 levels left

rFire    . . .     SeeInvis .   a - +0 dagger
rCold    . . .     Gourm    .   (no shield)
rNeg     . . .     Faith    .   k - +0 leather armour
rPois    .         Spirit   .   (no helmet)
rElec    .         Reflect  .   (no cloak)
rCorr    .         Harm     .   (no gloves)
MR       .....                  (no boots)
Stlth    ++........             (no amulet)
Regen    0.0/turn               (no ring)
MPRegen  0.1/turn               (no ring)

@: non-regenerating
A: damage resistance, heal wounds, sense surroundings 1, no regeneration
a: Heal Wounds


You were on level 4 of the Dungeon.
You were very hungry.

You visited 1 branch of the dungeon, and saw 4 of its levels.

You collected 42 gold pieces.

Inventory:

Hand Weapons
 a - a +0 dagger (weapon)
Missiles
 p - a throwing net (quivered)
Armour
 i - a +0 scale mail
 k - a +0 leather armour (worn)
 l - a +0 robe
Scrolls
 g - a scroll of recharging {unknown}
 m - a scroll of blinking {unknown}
 n - a scroll of teleportation {unknown}
Potions
 d - a potion of cancellation {unknown}
 e - 2 potions of curing {unknown}
 f - a potion of haste {unknown}
 o - a potion of agility {unknown}
Books
 b - a book of Necromancy

   Spells                             Type                      Level
   a - Pain                           Necromancy                   1
   b - Animate Skeleton               Necromancy                   1
   c - Vampiric Draining              Necromancy                   3
   d - Regeneration                   Charms/Necromancy            3
   e - Animate Dead                   Necromancy                   4
   f - Control Undead                 Necromancy                   4
Comestibles
 c - a bread ration
 h - 2 meat rations


   Skills:
 - Level 2.1 Dodging
 - Level 2.4 Stealth
 - Level 2.1 Spellcasting
 + Level 5.9 Necromancy


You had 2 spell levels left.
You knew the following spells:

 Your Spells              Type           Power        Failure   Level  Hunger
a - Pain                  Necr           ###.         2%          1    #......
v - Vampiric Draining     Necr           ###.......   7%          3    ###....


Dungeon Overview and Level Annotations

Branches:
Dungeon (4/15)
 Temple: D:4-7

Altars:

Shops:
D:4 ((%

Annotations:
D:4 Schiappus's ghost, amateur TrBe


Innate Abilities, Weirdness & Mutations

You are resistant to damage.
You can heal yourself by infusing magical energy.
You passively map a small area around you.
You do not regenerate.


Message History

You see here a whip.
You see here a club.
There is a stone staircase leading down here.
You climb downwards.
Level annotation: Schiappus's ghost, amateur TrBe You are feeling very hungry.
There is a stone staircase leading up here.
Unknown command.
Unknown command.
Unknown command.
You see here 23 stones.
An ogre is nearby!
The ogre shouts!
You see here 23 stones.
The ogre hits you with a giant club!
* * * LOW HITPOINT WARNING * * *
Found a ring mail.
The ogre hits you with a giant club!
Ouch! That really hurt!
You die...

* , , , , .# * , ,, #.# , * *
#.####### , #........ # * ###
#........
*#.########.#####........ #####
.#.).(......<...#........
#...##...#######O#..............
#..............@.......#........
#.>.# ,.[########.###.#........
##.## #.# #.#........ #.# #.#
#..O....... #)# ,* #.#
##.#.#..#.. #.# #.# #.#.#.....
#.# , #.# ##.#.#..... #.#
,*.########.# #....#..... #.#
..........##.#.#[#.....


You could see an ogre.

Vanquished Creatures
  A jelly (D:3)
  A gnoll (D:4)
  A dart slug (D:2)
  2 leopard geckos
  2 orcs (D:3)
  A giant cockroach (D:2)
  3 goblins
  A kobold (D:3)
  2 quokkas
  2 ball pythons (D:3)
  2 bats (D:3)
  A frilled lizard (D:4)
19 creatures vanquished.

Notes
Turn   | Place    | Note
-------+----------+-------------------------------------------
     0 | D:1      | letownia2 the Deep Dwarf Necromancer began the quest for the Orb.
     0 | D:1      | Reached XP level 1. HP: 15/15 MP: 3/3
   303 | D:3      | Reached XP level 2. HP: 20/22 MP: 0/5
   459 | D:4      | Noticed an ogre
   489 | D:4      | Found Relophi's Weapon Shop.
   502 | D:4      | Found Ejim's Food Shoppe.
   611 | D:3      | Reached skill level 5 in Necromancy
   617 | D:4      | Found Laol's Antique Weapon Boutique.
   726 | D:4      | Reached XP level 3. HP: 24/28 MP: 2/6
   830 | D:4      | Learned a level 3 spell: Vampiric Draining
   864 | D:4      | Noticed Schiappus's ghost (amateur TrBe)
  1014 | D:4      | Mangled by an ogre

Skill      XL: |  1  2 |
---------------+-------+-----
Spellcasting   | 2 |  2.1
Necromancy     | 5 |  5.9
Dodging        | |  2.1
Stealth        | |  2.4

Action                   || total
-------------------------++-------
Melee: Unarmed           ||     1
       Dagger            ||     8
 Cast: Pain              ||    28
       Vampiric Draining ||     3
Armor: Leather armour    ||     2
Dodge: Dodged            ||    24
